 Seeded DCSS version 0.32-a0-131-g9dbbe29 (webtiles) character file.

Game seed: 3644087795793700585 (custom seed)

116 mezmerelda the Ruffian (level 4, 0/35 HPs)
             Began as an Armataur Shapeshifter on Feb 8, 2024.
             Slain by an orc
             ... wielding a +2 flail of protection
              (3 damage)
             ... on level 3 of the Dungeon.
             The game lasted 00:09:05 (1781 turns).

mezmerelda the Ruffian (Armataur Shapeshifter)      Turns: 1781, Time: 00:09:05

Health: 0/35       AC:  4    Str: 21    XL:     4   Next: 69%
Magic:  4/4        EV:  8    Int: 11    God:
Gold:   219        SH:  6    Dex:  9    Spells: 2/3 levels left

rFire   . .          .
                       - Unarmed
rCold   . . .        t - +0 kite shield
rNeg    . . .        a - +0 animal skin
rPois   .            (helmet currently unavailable)
rElec   .            (cloak currently unavailable)
rCorr   .            (gloves currently unavailable)
SInv    .            (no barding)
Will    +....        o - amulet of the acrobat
Stlth   +            h - ring of willpower
HPRegen 0.25/turn    p - ring of wizardry
MPRegen 0.09/turn

%: acrobat, roll, wizardry (x1)
@: beast-form
A: beast (slay +1), large, deformed body, tough skin 3, armoured tail, roll 1
a: Begin Untransformation


You were on level 3 of the Dungeon.
You were a hulking beast.
You visited 1 branch of the dungeon, and saw 3 of its levels.

You collected 219 gold pieces.

Inventory:

Armour
 a - a +0 animal skin (worn)
 s - a +0 cloak
 t - a +0 kite shield (worn)
 u - a +0 helmet
Jewellery
 h - a ring of willpower (left hand)
 o - an amulet of the acrobat (around neck)
 p - a ring of wizardry (right hand)
 q - a ring of willpower
Talismans
 c - a beast talisman
 d - a flux talisman
Scrolls
 f - a scroll of teleportation {unknown}
 g - 2 scrolls of noise {unknown}
 l - a scroll of revelation {unknown}
 m - a scroll of fear {unknown}
 n - a scroll of fog {unknown}
 r - a scroll of identify {unknown}
Potions
 b - a potion of lignification
 e - a potion of mutation {unknown}
 i - a potion of invisibility {unknown}
 j - 2 potions of curing {unknown}
 k - a potion of enlightenment {unknown}


   Skills:
 - Level 1.3 Fighting
 - Level 1.7 Dodging
 + Level 0.0 Shields
 + Level 4.5 Unarmed Combat
 - Level 2.9 Shapeshifting


You had 2 spell levels left.
You knew the following spells:

 Your Spells              Type           Power      Damage    Failure   Level
s - Sandblast             Erth           0%         2d4       34%         1

Your spell library contained the following spells:

 Spells                   Type           Power      Damage    Failure   Level
 Kiss of Death            Conj/Necr      0%         2d5       34%         1
 Confusing Touch          Hex            0%         N/A       71%         3
 Dazzling Flash           Conj/Hex       0%         N/A       71%         3
 Passwall                 Erth           0%         N/A       71%         3
 Stone Arrow              Conj/Erth      0%         3d7       71%         3
 Volatile Blastmotes      Fire/Tloc      0%         2d10      71%         3
 Brom's Barrelling Bould  Conj/Erth      0%         2d3       97%         4
 Dispel Undead            Necr           0%         3d6       97%         4
 Starburst                Conj/Fire      0%         6d3       100%        6
 Maxwell's Capacitive Co  Air            0%         ∞         100%        8


Dungeon Overview and Level Annotations

Branches:
Dungeon (3/15)

Altars:


Innate Abilities, Weirdness & Mutations

You are a hulking beast.
Your limbs bulge with bestial killing power. (Slay +1)
Armour fits poorly on your strangely shaped body.
You have extremely tough skin. (AC +3)
You have a long armoured tail.
You regenerate magic when rolling toward enemies. (Rampage MPRegen)


Message History

A bat comes into view. x2
The orc completely misses you.
A kobold comes into view. It is wielding a +0 dagger.
You hit the orc but do no damage.
The orc hits you with a +2 flail of protection.
You hit the orc but do no damage.
Your tail-slap misses the orc.
The bat barely misses you. The orc completely misses you.
You closely miss the orc. You block the bat's attack. x3
The orc hits you with a +2 flail of protection!
You hit the orc but do no damage. The bat hits you but does no damage.
The bat closely misses you. The bat barely misses you.
You block the orc's attack.
You hit the orc.
The orc is heavily wounded.
You block the bat's attack. The bat hits you. The bat barely misses you.
The orc hits you with a +2 flail of protection.
You barely miss the orc.
The orc is heavily wounded.
The bat hits you but does no damage. x2; The bat barely misses you.
The orc hits you with a +2 flail of protection.
You closely miss the bat. You block the bat's attack.
The orc completely misses you. The kobold hits you but does no damage.
You hit the bat.
You kill the bat!
You block the bat's attack.
The orc hits you with a +2 flail of protection!
* * * LOW HITPOINT WARNING * * *
The kobold hits you with a +0 dagger.
* * * LOW HITPOINT WARNING * * *
You hit the orc but do no damage.
The orc is heavily wounded.
The bat hits you but does no damage. The orc completely misses you.
The kobold hits you with a +0 dagger.
* * * LOW HITPOINT WARNING * * *
You hit the orc but do no damage.
The orc is heavily wounded.
The bat hits you.
* * * LOW HITPOINT WARNING * * *
The orc hits you with a +2 flail of protection.
You die...

#. .# ###..........
####.. ..### ##.........
......##...# ##........
.........#.# #....##..
.........#.#####....##..
...........).)).#..###..
.[..........###.#..###..
........##...##......#..
......ohb.........†#.#..
......K.###.............
........................
.###....$...............
#....................
.............#........
#####.........#........
..........#........
..........##.......


You could see an orc, a bat and a kobold.

Vanquished Creatures
  A bombardier beetle (D:3)
  Robin (D:3)
  An adder (D:2)
  A dart slug (D:1)
  4 endoplasms (D:1)
  2 giant cockroaches (D:1)
  8 hobgoblins
  4 jackals (D:3)
  4 quokkas (D:2)
  5 ball pythons
  4 bats
  A frilled lizard (D:2)
  8 goblins
  6 kobolds
  4 rats
54 creatures vanquished.

Notes
Turn   | Place    | Note
-------+----------+-------------------------------------------
     0 | D:1      | mezmerelda the Armataur Shapeshifter began the quest for
                  | the Orb.
     0 | D:1      | Reached XP level 1. HP: 15/15 MP: 1/1
    95 | D:1      | Reached skill level 1 in Fighting
   149 | D:1      | Reached XP level 2. HP: 19/23 MP: 2/2
   735 | D:1      | Reached skill level 3 in Unarmed Combat
   984 | D:2      | Reached XP level 3. HP: 22/28 MP: 3/3
   986 | D:2      | Learned a level 1 spell: Sandblast
  1153 | D:2      | Found a faded altar of an unknown god.
  1583 | D:3      | Reached skill level 4 in Unarmed Combat
  1583 | D:3      | Reached XP level 4. HP: 35/35 MP: 4/4
  1650 | D:3      | Noticed Robin
  1690 | D:3      | Killed Robin
  1781 | D:3      | Slain by an orc

Illustrated notes

Levels and vault maps discovered:
D:1:      nicolae_arrival_washed_ashore, layout_basic,
          amcnicky_mini_corridor_feature, minmay_heptomino_d4
D:2:      layout_rooms, ebering_ecumenical_altar_webs, interstate_on_off,
          minmay_surrounded
D:3:      layout_rooms, serial_shops, shop, uniq_sigmund, uniq_robin, uniq_ijyb,
          uniq_jessica

Skill      XL: |  1  2  3 |
---------------+----------+-----
Fighting       | 1 |  1.3
Unarmed Combat | 3 4 |  4.5
Dodging        | |  1.7
Shapeshifting  | |  2.9

Action                     |  1- 3 |  4- 6 || total
---------------------------+-------+-------++-------
  Melee: Unarmed           |    92 |    47 ||   139
         Tailslap          |     7 |     7 ||    14
         Punch             |     2 |       ||     2
   Stab: Sleeping          |     1 |       ||     1
 Armour: Animal skin       |    44 |    45 ||    89
  Dodge: Dodged            |    32 |    31 ||    63
  Block: Kite shield       |       |    18 ||    18

Table legend: (Time is in decaauts)
 A = Elapsed time spent in this place.
 B = Non-inter-level travel time spent in this place.
 C = Inter-level travel time spent in this place.
 D = Time resting spent in this place.
 E = Time spent auto-exploring this place.
 F = Levels seen in this place.
 G = Mean time per level.
                   A        B        C        D        E       F      G
               +--------+--------+--------+--------+--------+-----+--------+
         Total |   1775 |   1702 |     73 |      0 |   1289 |   3 |  591.7 |
       Dungeon |   1775 |   1702 |     73 |      0 |   1289 |   3 |  591.7 |
               +--------+--------+--------+--------+--------+-----+--------+

Top non-repeatable levels by time:
     D:1: 961 daAuts
     D:2: 542 daAuts
     D:3: 271 daAuts
